 Dungeon Crawl Stone Soup version 0.16.2-12-gd0ad4c3 (webtiles) character file.

6692 magipi the Cleaver (level 11, -6/77 (79) HPs)
             Began as a Ghoul Gladiator on July 17, 2016.
             Was a Priest of Makhleb.
             Mangled by a spatial maelstrom (11 damage)
             ... on level 1 of the Abyss.
             The game lasted 01:02:13 (7925 turns).

magipi the Cleaver (Ghoul Gladiator)                Turns: 7925, Time: 01:02:13

HP:   -6/77 (79)    AC: 16    Str: 20    XL:     11   Next: 3%
MP:   0/8           EV: 10    Int:  3    God:    Makhleb [***...]
Gold: 613           SH:  0    Dex: 12    Spells: 0 memorised, 10 levels left

rFire  + . .     SeeInvis .     (no weapon)
rCold  + . .     Clarity  .     C - +0 plate armour
rNeg   + + +     SustAb   .     (no shield)
rPois  ∞         Gourm    .     L - +1 helmet
rElec  .         Spirit   +     i - +1 cloak
rCorr  .         Warding  .     y - +1 pair of gloves
rMut   .         Stasis   .     (no boots)
MR     .....                    r - amulet of guardian spirit
Stlth  ..........               f - ring of protection from fire
                                l - +4 ring of evasion

@: rotting, not resistant to hostile enchantments, extremely unstealthy
A: rotting body, claws 1, carnivore 3, cold resistance 1, negative energy
resistance 3, poison resistance, slow healing 1, torment resistance, unbreathing
a: Minor Destruction, Lesser Servant of Makhleb, Renounce Religion


You were on level 1 of the Abyss.
You worshipped Makhleb.
Makhleb was most pleased with you.
You were not hungry.

You visited 2 branches of the dungeon, and saw 12 of its levels.
You visited the Abyss 1 time.
You also visited: Sewer.

You collected 613 gold pieces.

Inventory:

Hand weapons
 a - a +0 war axe of freezing
 J - a +0 blowgun
Missiles
 d - a throwing net (quivered)
 o - 3 curare-tipped needles
 p - 3 tomahawks of returning
 x - 2 javelins
Armour
 i - a +1 cloak (worn)
 y - a +1 pair of gloves (worn)
 C - a +0 plate armour (worn)
 L - a +1 helmet (worn)
Jewellery
 f - a ring of protection from fire (right hand)
 l - a +4 ring of evasion (left hand)
 m - an uncursed ring of protection from magic
 r - an amulet of guardian spirit (around neck)
 D - an uncursed amulet of resist mutation
 K - an uncursed ring of sustain abilities
Magical devices
 j - a wand of enslavement (1)
 w - a wand of flame (25)
Scrolls
 g - 6 scrolls of recharging
 q - 3 scrolls of blinking
 t - 5 scrolls of fog
 v - a scroll of amnesia
 G - 8 scrolls of remove curse
 H - 3 scrolls of magic mapping
Potions
 e - 7 potions of curing
 k - a potion of ambrosia
 n - 4 potions of heal wounds
 s - a potion of flight
 u - a potion of restore abilities
 A - 2 potions of magic
 E - a potion of might
Books
 B - a book of Unlife

   Spells                             Type                      Level
   a - Recall                         Summoning/Translocation      3
   b - Animate Dead                   Necromancy                   4
   c - Control Undead                 Necromancy                   4
   d - Cigotuvi's Embrace             Necromancy                   5
   e - Death Channel                  Necromancy                   6
   f - Simulacrum                     Ice/Necromancy               6
 F - a book of Necromancy

   Spells                             Type                      Level
   a - Pain                           Necromancy                   1
   b - Animate Skeleton               Necromancy                   1
   c - Vampiric Draining              Necromancy                   3
   d - Regeneration                   Charms/Necromancy            3
   e - Animate Dead                   Necromancy                   4
   f - Control Undead                 Necromancy                   4
Comestibles
 b - a beef jerky
 h - a royal jelly
 z - 2 slices of pizza
 I - a meat ration


   Skills:
 - Level 2.1 Fighting
 - Level 11.5 Axes
 - Level 10.2 Throwing
 - Level 2.6 Dodging
 + Level 0.0 Invocations


You had 10 spell levels left.
You didn't know any spells.

Dungeon Overview and Level Annotations

Branches:
Dungeon (11/15)            Temple (1/1) D:5             Orc (0/4) D:10
   Lair: D:8-11

Altars:
Ashenzari
Cheibriados
Dithmenos
Elyvilon
Fedhas
Gozag
Kikubaaqudgha
Makhleb
Nemelex Xobeh
Okawaru
Qazlal
Ru
Sif Muna
Trog
Vehumet
Xom
Yredelemnul
Zin
The Shining One

Annotations:
D:4 Eustachio
D:6 1 runed door
D:10 Fannar
D:11 Sonja


Innate Abilities, Weirdness & Mutations

Your body is rotting away.
You thrive on raw meat.
You have sharp fingernails.
You are carnivorous and can eat meat at any time.
Your flesh is cold resistant.
You are immune to negative energy.
Your system is resistant to poisons.
You heal slowly when monsters are visible.
You are immune to unholy pain and torment.
You can survive without breathing.

Vault maps used:
D:1:      matt_arrival_grand_opening, serial_forest, infiniplex_forest_zigzag_1,
          infiniplex_forest_zigzag_1, infiniplex_forest_end_2,
          infiniplex_forest_lined_2, infiniplex_forest_lined_2,
          infiniplex_forest_clump_small
D:2:      uniq_robin, uniq_jessica
D:3:      first_bread, uniq_crazy_yiuf_cottage, uniq_natasha
D:4:      forest_paths, led_xom_imps, uniq_eustachio
D:5:      makhleb_heckhound_becter, minmay_temple_entry_poolview,
          gup_sewer_entry_glass, hangedman_decor_opposing
D:6:      basic_altar, lemuel_angel_altar
D:7:      grunt_livestock, nicolae_dithmenos_shadow_blocks
D:8:      dk_vineyard_3
D:9:      basic_altar, cheibriados_altar_1
D:10:     due_lair_maze_entry_diamond, hiddenorc2_lemuel, uniq_fannar
D:11:     uniq_sonja
Temple:   grunt_circular_temple_18
Sewer:    sewer_minmay_w


Message History

It glows with a cold blue light!
a - a +0 war axe of freezing (weapon)
Sonja unwields an uncursed blowgun.
Sonja wields an uncursed short sword of distortion.
Its appearance distorts for a moment.
Sonja barely misses you. Sonja hits you but does no damage.
Space bends around you. Sonja hits you but does no damage.
Space warps horribly around you!
Unknown command.
Your neqoxec gestures at Sonja.
Sonja resists with significant effort.
Use which ability? (? or * to list)
A demon appears!
You feel slightly more hungry.
Sonja gestures wildly while chanting.
Sonja blinks!
Unknown command.
Your orange demon stings Sonja!
Your orange demon hits Sonja.
Sonja mumbles some strange words.
Sonja blinks!
You swap places.
Your neqoxec disappears in a puff of smoke!
Your iron imp disappears in a puff of smoke!
Sonja hits your orange demon with an uncursed short sword of distortion.
Your orange demon disappears!
Sonja casts a spell.
Sonja blinks!
Evoke which item? (* to show all) (? for menu, Esc to quit)
Okay, then.
Sonja mumbles some strange words.
Sonja blinks!
o - 2 curare-tipped needles You see here a curare-tipped needle.
Your +0 war axe of freezing stops glowing.
You are now empty-handed.
Throwing (i - inventory. (,) - cycle):
x - 4 javelins (quivered)
Press: ? - help, Shift-Dir - straight line, f/p - Sonja
Aim: Sonja, wielding a short sword of distortion (lightly wounded)
You throw a javelin. The javelin closely misses Sonja.
Throwing (i - inventory. (,) - cycle):
x - 3 javelins (quivered)
Press: ? - help, Shift-Dir - straight line, f/p - Sonja
Aim: Sonja, wielding a short sword of distortion (lightly wounded)
You throw a javelin. The javelin closely misses Sonja.
o - 3 curare-tipped needles (gained 1) Evoke which item? (* to show all) (? for menu, Esc to quit)
Okay, then.
Unknown command.
Quiver which item? (- for none, * to show all) (? for menu, Esc to quit)
Quivering
d - 3 throwing nets for throwing.
Throwing (i - inventory. (,) - cycle):
d - 3 throwing nets (quivered)
Press: ? - help, Shift-Dir - straight line, f/p - Sonja
Aim: Sonja, wielding a short sword of distortion (lightly wounded)
You throw a throwing net. The throwing net misses Sonja.
Sonja hits you but does no damage. Space warps horribly around you!
Sonja barely misses you. Sonja hits you but does no damage.
Space warps horribly around you!
Throwing (i - inventory. (,) - cycle):
d - 2 throwing nets (quivered)
Press: ? - help, Shift-Dir - straight line, f/p - Sonja
Aim: Sonja, wielding a short sword of distortion (lightly wounded)
You throw a throwing net. The throwing net closely misses Sonja.
Sonja hits you but does no damage.
You are cast into the Abyss!
To return, you must find a gate leading back.
Welcome to the Abyss!
You sense a powerful magical force warping space.
Unknown command.
Found a box of beasts.
Found a shiny helmet.
Found 8 tomahawks.
You see here a shiny helmet.
L - a shiny helmet Wear which item? (? for menu, Esc to quit)
You start removing your armour.
You continue taking off your +1 helmet.
You continue taking off your +1 helmet. x3
You finish taking off your +1 helmet.
You start putting on your armour.
You continue putting on your shiny helmet. x5
You finish putting on your +1 helmet.
Unknown command.
Drop what? 38/52 slots (_ for help) (? for menu, Esc to quit)
You drop a +1 helmet.
Found 14 arrows of flame.
Found a dented peridot amulet.
A small abomination comes into view.
Found a meat ration.
A spatial maelstrom comes into view.
A spatial vortex comes into view.
The small abomination hits you!
The spatial vortex moves out of view.
A spatial vortex comes into view.
A spatial vortex comes into view.
The spatial maelstrom hits you!
* * * LOW HITPOINT WARNING * * *
Space bends around you.
* * * LOW HITPOINT WARNING * * *
The spatial maelstrom hits you but does no damage.
The small abomination hits you!
* * * LOW HITPOINT WARNING * * *
A spatial vortex comes into view.
You hit the spatial maelstrom but do no damage.
The spatial maelstrom hits you but does no damage. x2
The spatial maelstrom hits you!
You die...

. ... ... .. #..## # .. .
## #..##..##..# ..## ....
..... .... ... . ...
.............. .. #..
#..##..##..# ..#
..##..##..##..##..# ..#
.........................
........@..v.............
#..##..#vx.##..##.. #.. #
##..##..##.. #..##..##
.......................
......................
.##..##..#v..##..##..## #
.##..##.. #..## .##
.........v...... .... ..
...... .........


You could see a spatial maelstrom, 2 spatial vortices and a small abomination.

Table legend:
 A = Kills in this place as a percentage of kills in entire the game.
 B = Kills by you in this place as a percentage of kills by you in the entire game.
 C = Kills by friends in this place as a percentage of kills by friends in the entire game.
 D = Other kills in this place as a percentage of other kills in the entire game.
 E = Experience gained in this place as a percentage of experience gained in the entire game.
 F = Experience gained in this place divided by the number of levels of this place that you have seen.
                   A       B       C       D       E      F
               +-------+-------+-------+-------+-------+----------------------
         Total | 100.0 | 100.0 | 100.0 | 100.0 | 100.0 | 682.9
       Dungeon |  85.0 |  84.3 | 100.0 | 100.0 |  96.9 | 841.9
         Sewer |  15.0 |  15.7 |   0.0 |   0.0 |   3.1 | 299.0
               +-------+-------+-------+-------+-------+----------------------

Vanquished Creatures
  2 two-headed ogres (D:10)
  A manticore (D:10)
  A shadow (D:11)
  2 hungry ghosts
  A hippogriff (D:8)
  3 orc warriors (D:10)
  2 sky beasts
  3 ice beasts
  3 ogres
  2 black bears
  An eye of draining (D:9)
  A phantom (D:8)
  A wasp (D:10)
  4 centaurs
  4 big kobolds
  A crocodile (D:9)
  7 giant frogs
  12 killer bees
  8 wights
  A crimson imp (D:4)
  A giant frog zombie (D:7)
  A quasit (D:6)
  5 hounds
  5 orc priests
  A giant frog skeleton (D:8)
  An iguana (D:10)
  2 jellies
  6 orc wizards
  7 worker ants
  Jessica (D:2)
  A hound zombie (D:8)
  3 hound skeletons
  Robin (D:2)
  A gnoll (D:5)
  20 adders
  3 river rats
  2 shadow imps
  An adder skeleton (D:5)
  5 giant geckos
  An ooze (D:1)
  44 orcs
  14 bats
  A bat skeleton (D:6)
  8 giant cockroaches
  10 goblins
  14 hobgoblins
  8 jackals
  15 ball pythons
  A giant gecko skeleton (D:7)
  9 giant newts
  2 giant spores
  2 jackal skeletons
  A jackal zombie (D:5)
  27 kobolds
  3 kobold zombies (D:9)
  An orc zombie (D:9)
  2 quokkas
  34 rats
  4 ballistomycetes
328 creatures vanquished.

Vanquished Creatures (collateral kills)
  2 orc warriors (D:10)
  An ogre (D:10)
  3 killer bees (D:11)
  A goliath beetle (D:11)
  An orc wizard (D:10)
  A giant frog skeleton (D:11)
  4 orcs (D:10)
  A hobgoblin (D:11)
14 creatures vanquished.

Vanquished Creatures (others)
  A hill giant (D:10)
  A water moccasin (D:10)
  A killer bee (D:9)
  A giant spore (D:8)
  4 fungi (D:10)
8 creatures vanquished.

Grand Total: 350 creatures vanquished

Notes
Turn   | Place    | Note
--------------------------------------------------------------
     0 | D:1      | magipi, the Ghoul Gladiator, began the quest for the Orb.
     0 | D:1      | Reached XP level 1. HP: 17/17 MP: 1/1
   132 | D:1      | Reached skill level 3 in Axes
   183 | D:1      | Reached XP level 2. HP: 19/24 MP: 2/2
   471 | D:2      | Noticed Jessica
   481 | D:2      | Killed Jessica
   481 | D:2      | Reached XP level 3. HP: 26/29 MP: 3/3
   530 | D:2      | Reached skill level 4 in Axes
   626 | D:2      | Reached XP level 4. HP: 21/35 MP: 3/3
   768 | D:2      | Noticed Robin
   785 | D:2      | Killed Robin
  1207 | D:3      | Reached skill level 5 in Axes
  1207 | D:3      | Reached XP level 5. HP: 41/41 MP: 4/4
  1359 | D:3      | Noticed an ogre
  1375 | D:3      | Killed an ogre
  1517 | D:3      | Reached XP level 6. HP: 48/48 MP: 5/5
  1610 | D:3      | Reached skill level 6 in Axes
  1671 | D:4      | Noticed Eustachio
  1903 | D:4      | Found a shimmering altar of Xom.
  2141 | D:5      | Entered Level 5 of the Dungeon
  2162 | D:5      | Found a glowing drain.
  2201 | D:5      | Reached XP level 7. HP: 42/55 MP: 5/5
  2216 | Sewer    | Entered a sewer
  2943 | D:5      | Reached skill level 7 in Axes
  3119 | D:6      | Found a white marble altar of Elyvilon.
  3119 | D:6      | Found a runed door.
  3119 | D:6      | Noticed an angel
  3319 | D:6      | Reached XP level 8. HP: 42/60 MP: 6/6
  3597 | D:7      | Reached skill level 5 in Throwing
  3654 | D:7      | Reached skill level 8 in Axes
  3925 | D:6      | Noticed a hill giant
  4099 | D:7      | Reached XP level 9. HP: 18/66 MP: 7/7
  4181 | D:7      | Found a shadowy altar of Dithmenos.
  4288 | D:7      | Reached skill level 9 in Axes
  5055 | D:8      | Reached skill level 10 in Axes
  5418 | D:5      | Found a staircase to the Ecumenical Temple.
  5432 | Temple   | Entered the Ecumenical Temple
  5515 | D:5      | Reached XP level 10. HP: 51/72 MP: 7/7
  5516 | D:5      | Found a burning altar of Makhleb.
  5521 | D:5      | Became a worshipper of Makhleb the Destroyer
  5878 | D:9      | Found a bloodstained altar of Trog.
  6193 | D:9      | Acquired Makhleb's first power
  6376 | D:9      | Found a snail-covered altar of Cheibriados.
  6422 | D:10     | Entered Level 10 of the Dungeon
  6447 | D:10     | Noticed a manticore
  6451 | D:10     | Killed a manticore
  6555 | D:10     | Noticed Fannar
  6622 | D:10     | Noticed a hill giant
  6643 | D:10     | a hill giant (ally) was killed
  6649 | D:10     | Reached skill level 11 in Axes
  6662 | D:10     | Acquired Makhleb's second power
  7037 | D:10     | Reached skill level 10 in Throwing
  7108 | D:10     | Found a staircase to the Orcish Mines.
  7125 | D:10     | Acquired Makhleb's third power
  7474 | D:11     | Reached XP level 11. HP: 49/78 MP: 8/8
  7765 | D:11     | Noticed Sonja
  7851 | D:11     | Cast into the Abyss (Sonja)
  7914 | Abyss:1  | Noticed a spatial maelstrom
  7925 | Abyss:1  | Mangled by a spatial maelstrom

Action                   |  1- 3 |  4- 6 |  7- 9 | 10-12 || total
-------------------------+-------+-------+-------+-------++-------
Melee: War axe           |    64 |   199 |   605 |   396 ||  1264
       Unarmed           |       |       |       |     1 ||     1
 Fire: Blowgun           |       |       |       |     5 ||     5
Throw: Tomahawk          |       |     6 |       |       ||     6
       Throwing net      |       |     2 |     2 |     3 ||     7
       Javelin           |       |       |     8 |    14 ||    22
Invok: Lesser Servant of |       |       |       |     3 ||     3
Evoke: Wand              |       |       |       |     8 ||     8
  Use: Scroll            |       |     6 |     7 |    13 ||    26
       Potion            |       |       |     7 |     1 ||     8
 Stab: Held in net/web   |       |       |     1 |       ||     1
  Eat: Chunk             |     4 |    10 |    44 |    30 ||    88

Action                   |  1- 3 |  4- 6 |  7- 9 | 10-12 || total
-------------------------+-------+-------+-------+-------++-------
Melee: War axe           |    64 |   199 |   605 |   396 ||  1264
       Unarmed           |       |       |       |     1 ||     1
 Fire: Blowgun           |       |       |       |     5 ||     5
Throw: Tomahawk          |       |     6 |       |       ||     6
       Throwing net      |       |     2 |     2 |     3 ||     7
       Javelin           |       |       |     8 |    14 ||    22
Invok: Lesser Servant of |       |       |       |     3 ||     3
Evoke: Wand              |       |       |       |     8 ||     8
  Use: Scroll            |       |     6 |     7 |    13 ||    26
       Potion            |       |       |     7 |     1 ||     8
 Stab: Held in net/web   |       |       |     1 |       ||     1
  Eat: Chunk             |     4 |    10 |    44 |    30 ||    88

Action                   |  1- 3 |  4- 6 |  7- 9 | 10-12 || total
-------------------------+-------+-------+-------+-------++-------
Melee: War axe           |    64 |   199 |   605 |   396 ||  1264
       Unarmed           |       |       |       |     1 ||     1
 Fire: Blowgun           |       |       |       |     5 ||     5
Throw: Tomahawk          |       |     6 |       |       ||     6
       Throwing net      |       |     2 |     2 |     3 ||     7
       Javelin           |       |       |     8 |    14 ||    22
Invok: Lesser Servant of |       |       |       |     3 ||     3
Evoke: Wand              |       |       |       |     8 ||     8
  Use: Scroll            |       |     6 |     7 |    13 ||    26
       Potion            |       |       |     7 |     1 ||     8
 Stab: Held in net/web   |       |       |     1 |       ||     1
  Eat: Chunk             |     4 |    10 |    44 |    30 ||    88
